 Dungeon Crawl Stone Soup version 0.29-a0-789-g7a8fcbc185 (webtiles) character file.

Game seed: 17146810684569718247

85619 frimble the Warrior (level 15, -17/144 HPs)
             Began as a Minotaur Monk on July 2, 2022.
             Was an Elder of Cheibriados.
             Demolished by an orc knight
             ... wielding a +0 great mace
              (30 damage)
             ... on level 2 of the Orcish Mines.
             The game lasted 00:43:45 (23089 turns).

frimble the Warrior (Minotaur Monk)                Turns: 23089, Time: 00:43:45

Health: -17/144    AC:  6    Str: 26    XL:     15   Next: 38%
Magic:  25/25      EV: 20    Int: 23    God:    Cheibriados [****..]
Gold:   2165       SH:  8    Dex: 24    Spells: 14/14 levels left

rFire   . . .      SeeInvis .   a - +4 broad axe (vamp)
rCold   + . .      Faith    .   z - +0 buckler
rNeg    . . .      Spirit   .   d - +2 troll leather armour
rPois   .          Reflect  .   (helmet restricted)
rElec   .          Harm     .   o - +0 cloak
rCorr   .          Rampage  .   m - +1 pair of gloves
Will    +....                   s - +0 pair of boots
Stlth   +++.......              E - amulet of regeneration
HPRegen 1.94/turn               R - +4 ring of evasion
MPRegen 0.19/turn               r - ring of protection from cold

@: corroded, studying Necromancy, very slow
A: horns 2, retaliatory headbutt
a: Renounce Religion, Bend Time, Temporal Distortion, Slouch


You were on level 2 of the Orcish Mines.
You worshipped Cheibriados.
Cheibriados was greatly pleased with you.
You visited 4 branches of the dungeon, and saw 24 of its levels.
You also visited: Ossuary and Ice Cave.

You collected 2421 gold pieces.
You spent 256 gold pieces at shops.

Inventory:

Hand Weapons
 a - a +4 vampiric broad axe (weapon)
 P - a +0 demon whip of venom
Missiles
 f - 3 javelins
 k - 7 poisoned darts (quivered)
 F - 2 silver javelins
 X - 5 curare-tipped darts
Armour
 d - a +2 troll leather armour (worn)
 m - a +1 pair of gloves (worn)
 o - a +0 cloak (worn)
 s - a +0 pair of boots (worn)
 z - a +0 buckler (worn)
 N - the +8 chain mail of Zohoqen {rC++}
   (You found it on level 1 of the Lair of Beasts)

   rC:        It greatly protects you from cold.
 V - a +2 kite shield of cold resistance
Jewellery
 r - a ring of protection from cold (right hand)
 w - a ring of ice
 E - an amulet of regeneration (around neck)
 I - a ring of willpower
 K - the ring "Yresmis" {rPois rN+ EV+4 Str-5 Int+4}
   (You found it on level 6 of the Lair of Beasts)

   [ring of evasion]

   EV:        It affects your evasion (+4).
   Str:       It affects your strength (-5).
   Int:       It affects your intelligence (+4).
   rPois:     It protects you from poison.
   rN:        It protects you from negative energy.
 R - a +4 ring of evasion (left hand)
 S - a ring of poison resistance
 U - an amulet of the acrobat
Wands
 b - a wand of paralysis (14)
 q - a wand of mindburst (16)
 D - a wand of roots (1)
 G - a wand of acid (3)
 Q - a wand of flame (18)
 W - a wand of polymorph (6)
 Z - a wand of digging (4)
Scrolls
 l - 4 scrolls of amnesia
 n - 15 scrolls of teleportation
 u - 4 scrolls of silence
 x - 3 scrolls of fog
 y - 3 scrolls of magic mapping
 C - 2 scrolls of blinking
 L - 3 scrolls of immolation
 M - 10 scrolls of identify
Potions
 c - 3 potions of ambrosia
 e - 6 potions of flight
 g - 8 potions of curing
 h - a potion of magic
 i - 2 potions of might
 j - 6 potions of attraction
 p - 3 potions of brilliance
 t - 7 potions of heal wounds
 v - 4 potions of lignification
 A - 4 potions of invisibility
 B - 3 potions of berserk rage
 J - a potion of cancellation
 O - 4 potions of haste
 Y - a potion of resistance


   Skills:
 + Level 16.2 Fighting
 + Level 15.2(15.7) Axes
 - Level 6.7(11.9) Maces & Flails
 + Level 12.5 Throwing
 - Level 6.3 Dodging
 - Level 4.9 Stealth
 + Level 10.3 Shields
 - Level 15.0 Invocations
 - Level 4.4 Evocations


You had 14 spell levels left.
You didn't know any spells.
Your spell library contained the following spells:

 Spells                   Type           Power      Damage    Failure   Level
 Magic Dart               Conj           0%         1d3       22%         1
 Call Imp                 Summ           0%         N/A       32%         2
 Ensorcelled Hibernation  Hex/Ice        0%         N/A       32%         2
 Conjure Flame            Conj/Fire      0%         6-21      54%         3
 Gell's Gravitas          Tloc           0%         N/A       54%         3
 Ignite Poison            Fire/Tmut/Pois 0%         N/A       54%         3
 Lesser Beckoning         Tloc           0%         N/A       54%         3
 Mephitic Cloud           Conj/Pois/Air  0%         N/A       54%         3
 Ozocubu's Armour         Ice            0%         N/A       54%         3
 Portal Projectile        Hex/Tloc       0%         N/A       54%         3
 Spider Form              Tmut/Pois      0%         N/A       54%         3
 Teleport Other           Tloc           0%         N/A       54%         3
 Tukima's Dance           Hex            0%         N/A       54%         3
 Anguish                  Hex/Necr       0%         N/A       91%         4
 Cause Fear               Hex            0%         N/A       91%         4
 Fulminant Prism          Conj/Hex       0%         3d6       91%         4
 Iskenderun's Mystic Bla  Conj/Tloc      0%         2d3       91%         4
 Sticky Flame             Conj/Fire      0%         2d3       91%         4
 Blade Hands              Tmut           0%         N/A       99%         5
 Lee's Rapid Deconstruct  Erth           0%         3d5*      99%         5
 Metabolic Englaciation   Hex/Ice        0%         N/A       99%         5
 Summon Forest            Summ/Tloc      0%         N/A       99%         5
 Eringya's Noxious Bog    Tmut/Pois      0%         N/A       100%        6
 Simulacrum               Ice/Necr       0%         N/A       100%        6
 Dragon Form              Tmut           0%         N/A       100%        7
 Summon Hydra             Summ           0%         N/A       100%        7
 Dragon's Call            Summ           0%         N/A       100%        9


Dungeon Overview and Level Annotations

Branches:
Dungeon (15/15)            Temple (1/1) D:4            Lair (6/6) D:8
 Shoals (0/4) Lair:4        Snake (0/4) Lair:2          Orc (2/2) D:12
 Vaults (0/5) D:14         Depths (0/4) D:15        Ossuary (visited)
  IceCv (visited)
  Slime: Lair:5-6       Elf: Orc:2

Altars:
Ashenzari
Cheibriados
Dithmenos
Elyvilon
Fedhas
Gozag
Hepliaklqana
Kikubaaqudgha
Makhleb
Nemelex Xobeh
Okawaru
Qazlal
Ru
Sif Muna
Trog
Uskayaw
Vehumet
Wu Jian
Xom
Yredelemnul
Zin
The Shining One
Jiyva

Shops:
D:4 ?(=   D:7 :   D:13 *   Orc:1 (*

Annotations:
D:2 Sigmund
D:6 3 runed translucent doors, Feara's ghost, novice DsNe
D:9 exclusions: oklob plant and oklob sapling
Lair:5 diggie, exclusion: 2 oklob plants


Innate Abilities, Weirdness & Mutations

You have a pair of horns on your head.
You reflexively headbutt those who attack you in melee.


Message History

The orc high priest misses you. You furiously retaliate!
You headbutt the orc high priest, but do no damage.
The sun demon hits you.
You are engulfed in flames!
The sun demon hits you!!
You are engulfed in flames!
Things that are here:
a +0 hand axe; an orc corpse You barely miss the orc high priest.
The cyclops shouts!
The orc warrior shouts!
You hit the sun demon. You hit the sun demon but do no damage.
You slash the orc knight! You block the orange demon's attack.
The sun demon closely misses you. You furiously retaliate!
You headbutt the sun demon! The orc high priest closely misses you.
The orc knight hits you with a +0 great mace.
* * * LOW HITPOINT WARNING * * *
The sun demon closely misses you.
You closely miss the orc high priest.
Your headbutt misses the orc high priest.
You slash the sun demon! You hit the sun demon but do no damage.
You closely miss the orc knight. You block the orange demon's attack.
You block the sun demon's attack. The sun demon completely misses you.
You block the orc knight's attack.
The orc high priest hits you with a +2 glaive of protection!!
* * * LOW HITPOINT WARNING * * *
Okay, then.
Okay, then.
Okay, then.
Unknown command.
Okay, then.
Unknown command.
Okay, then.
Unknown command.
You don't know any spells.
Unknown command.
You feel much better. The orange demon barely misses you.
The sun demon closely misses you. x2; You furiously retaliate!
You headbutt the sun demon, but do no damage.
The orc high priest hits you with a +2 glaive of protection!!
* * * LOW HITPOINT WARNING * * *
The orc knight hits you with a +0 great mace!!
You die...

... ..#....
............
........C.. ..
#.....o.... ....#
##.#....$..# .....
#....o....##
..$..###.3o4.....#
......#..@3)......
...$.....)o)......
....$......#......
#.........## .....
##...$<..# ....
#.........# ...
...........# ..
.....##...... .
..... #...$....


You could see an orc knight, an orc high priest (strong), 2 sun demons, an
orange demon (summoned), a cyclops, an orc warrior (strong) and an orc (strong).

Vanquished Creatures
  Agnes (D:14)
  An azure jelly (Lair:6)
  A very ugly thing (D:15)
  Azrael (D:15)
  An entropy weaver (shapeshifter) (D:15)
  Nessos (D:14)
  Snorg (D:13)
  2 fire dragons (Lair:6)
  An ettin (shapeshifter) (D:14)
  A rakshasa (D:15)
  2 boulder beetles
  Fannar (Lair:3)
  5 hydras
  Erica (Lair:1)
  2 centaur warriors
  A death knight (D:15)
  2 two-headed ogres
  A catoblepas (Lair:6)
  2 alligators (Lair:4)
  4 tengu warriors (D:13)
  Amaemon (Lair:3)
  A fire crab (Lair:4)
  A skeletal warrior (D:15)
  A swamp dragon (Lair:6)
  Pikel (D:5)
  A glowing orange brain (D:15)
  A lindwurm (Lair:6)
  3 deep elf pyromancers
  A lindwurm (shapeshifter) (D:15)
  2 orc knights (D:15)
  20 ugly things
  4 cyclopes
  5 manticores
  11 elephants
  Joseph (Lair:1)
  5 torpor snails (Lair:6)
  3 black mambas
  3 ice statues (IceCv)
  9 cane toads
  6 rime drakes
  3 gargoyles
  An orange demon (Lair:3)
  Maggie (Lair:1)
  A komodo dragon (shapeshifter) (D:14)
  A rime drake (shapeshifter) (D:14)
  2 kobold demonologists
  4 freezing wraiths
  10 komodo dragons
  A meliai (shapeshifter) (D:13)
  2 polar bears
  7 trolls
  4 tyrant leeches (Lair:6)
  10 hornets
  28 slime creatures
  9 dream sheep (Lair:6)
  9 blink frogs (Lair:6)
  A snapping turtle (Lair:4)
  A shadow (D:13)
  5 wyverns
  Eustachio (D:5)
  32 yaks
  4 basilisks
  A steam dragon (Lair:6)
  A death yak simulacrum (IceCv)
  3 fire elementals (D:15)
  2 wargs
  2 harpy simulacra (IceCv)
  3 acid dragons (Lair:6)
  13 water moccasins
  4 hell hounds (D:15)
  10 orc warriors
  2 swamp drakes
  3 sky beasts
  4 black bears
  2 hornet zombies (Ossuary)
  5 ogres
  13 wolves
  10 centaurs
  A lemure (D:5)
  Blork the orc (D:4)
  3 kobold brigands
  7 bullfrogs
  A cane toad simulacrum (IceCv)
  2 scorpions
  A wyvern zombie (Ossuary)
  A necrophage (D:6)
  2 gnoll sergeants (D:8)
  4 killer bees (D:11)
  An electric eel (Lair:5)
  4 howler monkeys
  4 bullfrog zombies (Ossuary)
  3 centaur zombies (Ossuary)
  3 hounds
  Crazy Yiuf (D:3)
  7 orc priests
  6 jellies
  5 orc wizards
  8 iguanas
  5 hell rats (Lair:2)
  A polar bear simulacrum (IceCv)
  2 wolf simulacra (IceCv)
  2 killer bee zombies (Ossuary)
  14 mummies
  2 howler monkey zombies (Ossuary)
  10 gnolls
  9 adders
  A white imp (D:7)
  A worm (D:2)
  A dart slug (D:2)
  43 orcs
  10 ball pythons
  An endoplasm (D:1)
  4 giant cockroaches
  8 goblins
  7 hobgoblins
  17 kobolds
  4 quokkas
  A bat (D:1)
  7 frilled lizards
  A goblin zombie (D:6)
  A kobold zombie (D:6)
  A rat (D:2)
545 creatures vanquished.

Vanquished Creatures (others)
  An orc wizard (Orc:2)
  A bush (D:9)
  A fire vortex (D:13)
  18 fungi
  50 plants
  10 withered plants (Ossuary)
81 creatures vanquished.

Grand Total: 626 creatures vanquished

Notes
Turn   | Place    | Note
-------+----------+-------------------------------------------
     0 | D:1      | frimble the Minotaur Monk began the quest for the Orb.
     0 | D:1      | Reached XP level 1. HP: 19/19 MP: 0/0
   269 | D:1      | Reached XP level 2. HP: 27/27 MP: 1/1
   410 | D:1      | Found a faded altar of an unknown god.
   556 | D:1      | Reached skill level 4 in Fighting
   849 | D:2      | Reached skill level 1 in Throwing
  1079 | D:2      | Reached XP level 3. HP: 33/33 MP: 2/2
  1176 | D:2      | Noticed Sigmund
  1922 | D:2      | Reached XP level 4. HP: 41/41 MP: 3/3
  2020 | D:3      | Noticed a black bear
  2040 | D:4      | Noticed Blork the orc
  2375 | D:4      | Found a staircase to the Ecumenical Temple.
  2421 | Temple   | Entered the Ecumenical Temple
  2910 | Temple   | Became a worshipper of Cheibriados the Contemplative
  2910 | Temple   | Reached * piety under Cheibriados
  2910 | Temple   | Reached ** piety under Cheibriados
  3266 | D:4      | Killed Blork the orc
  3267 | D:4      | Reached skill level 5 in Fighting
  3267 | D:4      | Reached skill level 5 in Axes
  3267 | D:4      | Reached XP level 5. HP: 26/48 MP: 4/4
  3278 | D:4      | Found a hide-covered altar of Uskayaw.
  3420 | D:4      | Found Xubrusol's Weapon Boutique.
  3493 | D:4      | Found a shimmering blue altar of Sif Muna.
  3499 | D:4      | Found Ruqounui's Jewellery Shop.
  3727 | D:4      | Found Uhigul's Magic Scroll Emporium.
  3921 | D:3      | Found a runed translucent door.
  3922 | D:3      | Noticed Crazy Yiuf
  3929 | D:3      | Killed Crazy Yiuf
  4105 | D:5      | Entered Level 5 of the Dungeon
  4143 | D:5      | Reached XP level 6. HP: 57/57 MP: 5/5
  4226 | D:5      | Reached skill level 6 in Fighting
  4353 | D:5      | Noticed Pikel
  4383 | D:5      | Killed Pikel
  4384 | D:5      | Reached skill level 7 in Fighting
  4384 | D:5      | Reached XP level 7. HP: 12/66 MP: 6/6
  4802 | D:5      | Reached skill level 5 in Throwing
  4802 | D:5      | Reached XP level 8. HP: 73/73 MP: 7/7
  4863 | D:5      | Noticed Eustachio
  4880 | D:5      | Killed Eustachio
  5192 | D:6      | Found a sand-covered staircase.
  5198 | Ossuary  | Entered an ossuary
  5206 | Ossuary  | Reached *** piety under Cheibriados
  5233 | Ossuary  | Reached skill level 8 in Fighting
  5233 | Ossuary  | Reached skill level 1 in Invocations
  5233 | Ossuary  | Reached skill level 1 in Evocations
  5813 | Ossuary  | Reached XP level 9. HP: 82/82 MP: 10/10
  5822 | Ossuary  | Identified a scroll of acquirement
  5822 | Ossuary  | Acquired a manual of Invocations
  6642 | D:6      | Found a runed translucent gate.
  6642 | D:6      | Found a runed translucent gate.
  6642 | D:6      | Found a runed translucent gate.
  6689 | D:6      | Found an opulent altar of Gozag.
  6690 | D:6      | Noticed Feara's ghost (novice DsNe)
  6691 | D:6      | Noticed a troll
  6691 | D:6      | Noticed a cyclops
  7320 | D:7      | Reached skill level 9 in Fighting
  7656 | D:7      | Found Buedgh's Book Shoppe.
  8243 | D:8      | Reached **** piety under Cheibriados
  8568 | D:8      | Noticed a troll
  8587 | D:7      | Killed a troll
  8588 | D:7      | Reached skill level 5 in Invocations
  8896 | D:8      | Found a staircase to the Lair.
  8978 | D:8      | Found an opulent altar of Gozag.
  9347 | D:9      | Reached ***** piety under Cheibriados
  9379 | D:9      | Reached skill level 10 in Fighting
  9444 | D:9      | Noticed an oklob plant
  9535 | D:9      | Reached skill level 10 in Axes
  9535 | D:9      | Reached XP level 10. HP: 93/93 MP: 13/13
  9645 | D:9      | Found a shadowy altar of Dithmenos.
  9991 | D:10     | Entered Level 10 of the Dungeon
 10063 | D:10     | Found a sparkling altar of Nemelex Xobeh.
 10103 | D:10     | Found a broken altar of Ashenzari.
 10108 | D:10     | Found an iron altar of Okawaru.
 10112 | D:10     | Noticed a two-headed ogre
 10126 | D:10     | Killed a two-headed ogre
 10150 | D:10     | Reached skill level 11 in Fighting
 10563 | D:10     | Found a hazy altar of Hepliaklqana.
 10836 | D:11     | Reached XP level 11. HP: 102/102 MP: 16/16
 10951 | D:11     | Noticed a two-headed ogre
 10967 | D:11     | Killed a two-headed ogre
 11084 | D:11     | Noticed a brown ugly thing
 11097 | D:11     | Killed a brown ugly thing
 11540 | D:12     | Reached skill level 10 in Invocations
 11632 | D:12     | Noticed a five-headed hydra
 11658 | D:12     | Reached skill level 12 in Fighting
 11659 | D:12     | Reached ****** piety under Cheibriados
 11778 | Lair:1   | Entered Level 1 of the Lair of Beasts
 11840 | Lair:1   | Noticed Joseph
 11853 | Lair:1   | Killed Joseph
 11885 | Lair:1   | Noticed Maggie
 11908 | Lair:1   | Killed Maggie
 12210 | Lair:1   | Noticed Erica
 12229 | Lair:1   | Killed Erica
 12239 | Lair:1   | Identified the +8 chain mail of Zohoqen {rC++}
 12909 | Lair:2   | Found a staircase to the Snake Pit.
 12975 | Lair:2   | Noticed a four-headed hydra
 12986 | Lair:3   | Reached XP level 12. HP: 82/113 MP: 19/19
 13124 | Lair:3   | Noticed Amaemon
 13136 | Lair:3   | Killed Amaemon
 13203 | Lair:3   | Noticed Fannar
 13218 | Lair:3   | Killed Fannar
 13219 | Lair:3   | Reached skill level 1 in Maces & Flails
 14080 | Lair:2   | Reached skill level 1 in Shields
 14112 | Lair:2   | Killed a four-headed hydra
 14113 | Lair:2   | Reached skill level 13 in Fighting
 15071 | Lair:4   | Noticed an eight-headed hydra
 15078 | Lair:4   | Killed an eight-headed hydra
 15170 | Lair:4   | Noticed an alligator
 15170 | Lair:4   | Noticed an alligator
 15178 | Lair:4   | Killed an alligator
 15190 | Lair:4   | Killed an alligator
 15191 | Lair:4   | Reached skill level 5 in Maces & Flails
 15314 | Lair:4   | Found a staircase to the Shoals.
 15314 | Lair:4   | Noticed a six-headed hydra
 15323 | Lair:4   | Killed a six-headed hydra
 15324 | Lair:4   | Reached XP level 13. HP: 79/122 MP: 21/21
 15543 | Lair:4   | Reached skill level 10 in Throwing
 15566 | Lair:4   | Reached skill level 5 in Shields
 16647 | Lair:5   | Found a viscous altar of Jiyva.
 16793 | Lair:6   | Entered Level 6 of the Lair of Beasts
 16811 | Lair:6   | Reached skill level 14 in Fighting
 17116 | Lair:6   | Noticed an azure jelly
 17148 | Lair:6   | Killed an azure jelly
 17576 | Lair:6   | Noticed a fire dragon
 17583 | Lair:6   | HP: 2/125 [fire dragon/blast of flame (41)]
 17908 | Lair:6   | Killed a fire dragon
 17942 | Lair:6   | Identified the ring "Yresmis" {rPois rN+ EV+4 Str-5 Int+4}
 18064 | Lair:6   | Found a runed translucent door.
 18065 | Lair:6   | Noticed a fire dragon
 18171 | Lair:6   | Reached XP level 14. HP: 133/133 MP: 20/23
 18312 | Lair:6   | Reached skill level 5 in Dodging
 19074 | D:12     | Found a staircase to the Orcish Mines.
 19411 | D:13     | Found Wittahep's Assorted Antiques.
 19417 | D:13     | Found a frozen archway.
 19419 | D:13     | Bought a scroll of teleportation for 96 gold pieces
 19419 | D:13     | Bought a thick malachite amulet for 160 gold pieces
 19427 | D:13     | Reached skill level 15 in Fighting
 19434 | IceCv    | Entered an ice cave
 19720 | D:13     | Noticed Snorg
 19736 | D:13     | Killed Snorg
 20201 | D:14     | Noticed Nessos
 20205 | D:14     | Killed Nessos
 20319 | D:14     | Noticed Agnes
 20332 | D:14     | Killed Agnes
 20333 | D:14     | Reached skill level 15 in Invocations
 20755 | D:14     | Found a gate to the Vaults.
 20895 | D:15     | Entered Level 15 of the Dungeon
 20895 | D:15     | Noticed Azrael
 20903 | D:15     | Killed Azrael
 20924 | D:15     | Reached XP level 15. HP: 75/143 MP: 12/25
 21737 | D:15     | Reached skill level 16 in Fighting
 21737 | D:15     | Reached skill level 15 in Axes
 21747 | D:15     | Reached skill level 10 in Shields
 21749 | D:15     | Noticed an acid blob
 21763 | D:15     | Noticed a shadow dragon
 21764 | D:15     | a shadow dragon changed into an eleionoma
 21769 | D:15     | Noticed an azure jelly
 21769 | D:15     | an eleionoma changed into an azure jelly
 22004 | D:15     | Found a staircase to the Depths.
 22639 | Orc:1    | Entered Level 1 of the Orcish Mines
 22682 | Orc:1    | Found Wylolocu's Whimsical Warehouse.
 22778 | Orc:1    | Found Siasm's Antique Weapon Boutique.
 23065 | Orc:2    | Entered Level 2 of the Orcish Mines
 23089 | Orc:2    | Demolished by an orc knight

Illustrated notes

Levels and vault maps discovered:
D:1:      amcnicky_arrival_single_pillar, layout_loops_ring,
          basic_ecumenical_altar
D:2:      layout_basic, uniq_sigmund
D:3:      layout_rooms, feat_on_display, uniq_crazy_yiuf_cottage
D:4:      layout_cave_pools, nicolae_uskayaw_dance_hall,
          mainiacjoe_overflow_catwalk, temple_pool_b, serial_shops,
          nicolae_take_the_stairs, nicolae_shop_waterfront,
          nicolae_shop_window_shopping, bh_walls_and_bars, uniq_blork_the_orc
D:5:      layout_gridville, nrook_mini_backslash, uniq_eustachio, uniq_pikel
D:6:      layout_layer_cave, nicolae_ossuary_entry_giza, ebering_ghost_gozag,
          roderic_roman_lattice, kennysheep_doodads
D:7:      layout_loops_ring, serial_shops, shop, chequers_serial_rivers_small_a,
          dk_noncrumbling_2
D:8:      layout_cave_pools, grunt_gozag_breadcrumbs, lair_entry_dummy,
          serial_park, serial_park_tiny_1, serial_park_square1
          [serial_park_minivault_5x5_6], serial_park_tiny_2
D:9:      layout_cave_pools, lemuel_crystal_altar, introduction_to_nature_2
D:10:     layout_long_grid, nemelex_spade_bored_becter,
          grunt_temple_overflow_open, mainiacjoe_overflow_boulevard
D:11:     layout_rooms, serial_curves, eino_curves_04, eino_curves_03
D:12:     layout_rooms, erik_orc_1, hangedman_decor_lopped
D:13:     layout_big_octagon, serial_shops, shop, portal_ice_cave_rime,
          uniq_snorg
D:14:     layout_roguey, david_vaults_2, nrook_mini_vaults, uniq_agnes,
          uniq_nessos
D:15:     gammafunk_enter_depths_forms, layout_loops_cross, uniq_azrael
Temple:   minmay_temple_curvy_branch
Lair:1:   layout_regular_city, uniq_erica, uniq_maggie, uniq_joseph
Lair:2:   layout_gridlike, dummy_snake_entry
Lair:3:   layout_gridlike, eino_small_chamber_without_monster,
          lemuel_fruit_fields, uniq_amaemon, uniq_fannar
Lair:4:   layout_loops_ring, minmay_shoals_entry_hut,
          chequers_serial_rivers_micro_a, nicolae_lair_lakeside_cave
Lair:5:   statuecave_lemuel, layout_long_grid, minmay_slime_entry_oklob_enclosed
Lair:6:   wormcave, layout_misc_corridors, guppyfry_lair_end_dragon,
          minivault_25, chequers_serial_rivers_large_a,
          nicolae_lair_time_for_slime
Orc:1:    layout_diamond_mine, serial_shops, shop_statue,
          nicolae_orc_sculptors_studio, nicolae_alphabet_shops
Orc:2:    kennysheep_orc_mage_school, layout_diamond_mine,
          minmay_shop_enchanted_jewellery

Skill      XL: |  1  2  3  4  5  6  7  8  9 10 11 12 13 14 15 |
---------------+----------------------------------------------+-----
Fighting       | 4 5 7 8 10 11 12 13 14 15 16 | 16.2
Axes           | 4 5 7 8 10 11 12 13 14 15 | 15.2
Throwing       | 1 2 3 4 5 7 8 9 10 11 12 | 12.5
Invocations    | 2 6 9 11 13 14 15 | 15.0
Evocations     | 2 4 |  4.4
Stealth        | 4 |  4.9
Maces & Flails | 5 6 |  6.7
Shields        | 4 7 9 10 | 10.3
Dodging        | 4 6 |  6.3

Action                   |  1- 3 |  4- 6 |  7- 9 | 10-12 | 13-15 || total
-------------------------+-------+-------+-------+-------+-------++-------
Melee: Hand axe          |    64 |   104 |   333 |   352 |   720 ||  1573
       Headbutt          |    13 |    16 |    85 |   126 |   350 ||   590
       Punch             |     1 |     1 |     6 |    14 |       ||    22
       Demon whip        |       |       |       |    99 |   349 ||   448
       Broad axe         |       |       |       |       |    30 ||    30
Throw: Dart              |     3 |    20 |    30 |    81 |    62 ||   196
       Javelin           |       |     5 |     5 |     3 |    10 ||    23
       Boomerang         |       |       |       |    10 |       ||    10
Invok: Bend Time         |       |       |       |     1 |     1 ||     2
       Slouch            |       |       |       |     2 |    14 ||    16
       Step From Time    |       |       |       |       |     1 ||     1
Evoke: Wand              |       |       |     2 |     8 |    23 ||    33
  Use: Scroll            |     5 |     6 |    16 |     8 |    10 ||    45
       Potion            |       |     3 |     1 |     2 |     4 ||    10
 Stab: Sleeping          |     4 |     3 |     5 |    12 |     6 ||    30
       Invisible         |       |     1 |       |       |       ||     1
       Distracted        |       |       |     1 |     1 |     2 ||     4
       Paralysed         |       |       |       |       |    12 ||    12
       Confused          |       |       |       |       |     5 ||     5
Armor: Robe              |    11 |    18 |    72 |       |       ||   101
       Skin              |       |    10 |     2 |       |       ||    12
       Troll leather arm |       |       |    42 |   178 |   205 ||   425
       Chain mail        |       |       |       |       |    65 ||    65
Dodge: Dodged            |    47 |    72 |   240 |   325 |   624 ||  1308
Block: Buckler           |       |       |       |       |   256 ||   256

Table legend: (Time is in decaauts)
 A = Elapsed time spent in this place.
 B = Non-inter-level travel time spent in this place.
 C = Inter-level travel time spent in this place.
 D = Time resting spent in this place.
 E = Time spent auto-exploring this place.
 F = Levels seen in this place.
 G = Mean time per level.
                   A        B        C        D        E       F      G
               +--------+--------+--------+--------+--------+-----+--------+
         Total |  34088 |  31068 |   3020 |   1574 |  24322 |  26 | 1311.1 |
       Dungeon |  19498 |  17798 |   1700 |   1170 |  13725 |  15 | 1299.9 |
        Temple |    718 |    666 |     52 |    188 |    467 |   1 |  718.0 |
          Lair |  12133 |  10918 |   1215 |     62 |   9152 |   6 | 2022.2 |
  Orcish Mines |    748 |    697 |     51 |      0 |    635 |   2 |  374.0 |
       Ossuary |    726 |    726 |      0 |    154 |    283 |   1 |  726.0 |
      Ice Cave |    263 |    263 |      0 |      0 |     59 |   1 |  263.0 |
               +--------+--------+--------+--------+--------+-----+--------+

Top non-repeatable levels by time:
  Lair:6: 2600 daAuts
  Lair:4: 2307 daAuts
  Lair:3: 1968 daAuts
  Lair:5: 1938 daAuts
     D:7: 1932 daAuts
     D:6: 1912 daAuts
  Lair:1: 1797 daAuts
    D:15: 1747 daAuts
    D:10: 1548 daAuts
  Lair:2: 1521 daAuts
    D:12: 1498 daAuts
     D:5: 1419 daAuts
    D:14: 1267 daAuts
     D:9: 1216 daAuts
     D:8: 1179 daAuts
